 Dungeon Crawl Stone Soup version 0.31.0-11-ge490571c62 (webtiles) character file.

Game seed: 9314215282633286446

41 qw the Shooter (level 3, -4/18 HPs)
             Began as a Spriggan Hunter on Feb 4, 2024.
             Constricted to death by Ijyb (7 damage)
             ... on level 3 of the Dungeon.
             The game lasted 00:00:05 (1155 turns).

qw the Shooter (Spriggan Hunter)                    Turns: 1155, Time: 00:00:05

Health: -4/18      AC:  2    Str:  7    XL:     3   Next: 32%
Magic:  4/4        EV: 16    Int: 10    God:
Gold:   121        SH:  0    Dex: 20    Spells: 2/2 levels left

rFire   . . .        a - +0 shortbow
rCold   . . .        (shield currently unavailable)
rNeg    . . .        c - +0 robe
rPois   .            (helmet restricted)
rElec   .            (no cloak)
rCorr   .            (gloves unavailable)
SInv    +            (boots unavailable)
Will    .....        (no amulet)
Stlth   ++           (no ring)
HPRegen 0.23/turn    (no ring)
MPRegen 0.09/turn

%: no passive effects
@: grasped by roots, constricted, very quick
A: very small, no large weapons, unfitting armour, see invisible, speed 3
a: no special abilities


You were on level 3 of the Dungeon.
You visited 1 branch of the dungeon, and saw 3 of its levels.

You collected 121 gold pieces.


Innate Abilities, Weirdness & Mutations

You are very small and have problems with some larger weapons.
You are too small for most types of armour.
You have supernaturally acute eyesight. (SInv)
You cover ground extremely quickly. (Speed+++)


   Skills:
 - Level 1.5 Fighting
 + Level 4.6 Ranged Weapons
 - Level 4.0 Dodging
 - Level 1.5 Stealth


You had 2 spell levels left.
You didn't know any spells.
Your spell library was empty.

Inventory:

Hand Weapons
 a - a +0 shortbow (weapon)
Armour
 c - a +0 robe (worn)
Potions
 e - a potion of curing
 f - a potion of haste
 g - a potion of heal wounds

Dungeon Overview and Level Annotations

Branches:
Dungeon (3/15)

Altars:

Shops:
D:1 =

Annotations:
D:3 Ijyb


Message History

1117 ||| IDENTIFYING brown potion
As you read the scroll of identify, it crumbles to dust.
g - a potion of heal wounds Done exploring.
1118 ||| READING scroll labelled KOENAL ZIATAIS.
As you read the scroll labelled KOENAL ZIATAIS, it crumbles to dust.
It is a scroll of enchant armour.
1118 ||| ENCHANTING +0 shortbow.
Done exploring.
1119 ||| DRINKING 2 glowing red potions.
It was a potion of curing.
You feel better.
Done exploring.
1120 ||| DROPPING potion of attraction.
You drop a potion of attraction.
Done exploring.
What level of the Dungeon? (default 2, ? - help)
You see here a book of Spontaneous Combustion.
There is a stone staircase leading down here.
You climb downwards.
You hear the sound of rushing water.
There is an entrance to a sewer on this level.
Hurry and find it before the portal rusts away!
There is a stone staircase leading up here.
Waypoint 2 assigned to D:3.
1131 ||| PLANNING SEWER Ijyb and a bombardier beetle come into view.
Ijyb is wielding a +7 club and carrying a wand of roots.
Found a stone staircase leading down.
You shoot an arrow. The arrow hits Ijyb.
Ijyb is lightly wounded.
You shoot an arrow. The arrow closely misses Ijyb.
You shoot an arrow. The arrow closely misses Ijyb.
Ijyb zaps a wand.
The roots erupt in riotous growth!
The grasping roots grab you!
Ijyb is unaffected.
The grasping roots constrict you.
You shoot an arrow. The arrow hits Ijyb.
Ijyb is moderately wounded.
Ijyb barely misses you. The grasping roots constrict you.
You shoot an arrow. The arrow barely misses Ijyb.
The bombardier beetle sprays incendiary fluid at you.
The burning spray misses you. Ijyb hits you with a +7 club!
The grasping roots constrict you!
You die...

#...... #. .#.#
##.....# ... ..#
.....#
#>#.#.###.#
#...B.g...# #@#
#+ #.# #. #.#
###.#### #.#
##......# #.#
........# #.#
#......########.#
#...<#.#........#
#........########


You could see Ijyb and a bombardier beetle.

Vanquished Creatures
  2 dart slugs
  2 endoplasms
  2 giant cockroaches (D:2)
  2 hobgoblins
  3 jackals (D:1)
  A quokka (D:2)
  5 ball pythons
  2 bats
  4 frilled lizards
  5 goblins
  4 kobolds
  4 rats
36 creatures vanquished.

Notes
Turn   | Place    | Note
-------+----------+-------------------------------------------
     0 | D:1      | qw the Spriggan Hunter began the quest for the Orb.
     0 | D:1      | Reached XP level 1. HP: 10/10 MP: 2/2
     0 | D:1      | 0 ||| qw: Version: 0.3-a-160-g6735b56
     0 | D:1      | 0 ||| qw: Game counter: 5352
     0 | D:1      | 0 ||| qw: Melee chars always use a shield: true
     0 | D:1      | 0 ||| qw: God list: Okawaru
     0 | D:1      | 0 ||| qw: Allow faded altars: false
     0 | D:1      | 0 ||| qw: Do Orc after clearing Dungeon:15 true
     0 | D:1      | 0 ||| qw: Do second Lair branch before Depths: true
     0 | D:1      | 0 ||| qw: Lair rune preference: random
     0 | D:1      | 0 ||| qw: Goals: Normal
     0 | D:1      | 0 ||| PLANNING D:1-11
    52 | D:1      | Reached skill level 3 in Dodging
    69 | D:1      | Found a faded altar of an unknown god.
    83 | D:1      | Reached XP level 2. HP: 13/14 MP: 3/3
   137 | D:1      | Found Kesoilam's Jewellery Shoppe.
   140 | D:1      | 140 ||| SHOPLISTING +5 ring of evasion (468 gold, have 22).
   140 | D:1      | 140 ||| SHOPLISTING ring "Dagur" {rElec rF+ MP+9} (533
                  | gold, have 22).
   140 | D:1      | 140 ||| SHOPLISTING ring of Sime {EV+5 Int+2} (613 gold,
                  | have 22).
   140 | D:1      | 140 ||| SHOPLISTING ring of ice (325 gold, have 22).
   140 | D:1      | 140 ||| SHOPLISTING ring of poison resistance (260 gold,
                  | have 22).
   652 | D:1      | 652 ||| READING scroll labelled SOXI OXKELITO.
   652 | D:1      | 652 ||| IDENTIFYING smoky coppery potion
   653 | D:1      | 653 ||| READING scroll labelled DUDEHU UD ROEN.
   656 | D:1      | 656 ||| READING scroll labelled NUSTRA LEIFOUC.
   657 | D:1      | 657 ||| DROPPING scroll of butterflies.
   658 | D:1      | 658 ||| DROPPING potion of lignification.
   677 | D:2      | 677 ||| FLEEEEING.
   759 | D:2      | Reached XP level 3. HP: 5/18 MP: 4/4
  1115 | D:2      | 1115 ||| READING 3 scrolls of identify.
  1115 | D:2      | 1115 ||| IDENTIFYING pink potion
  1116 | D:2      | 1116 ||| READING 2 scrolls of identify.
  1116 | D:2      | 1116 ||| IDENTIFYING clear potion
  1117 | D:2      | 1117 ||| READING scroll of identify.
  1117 | D:2      | 1117 ||| IDENTIFYING brown potion
  1118 | D:2      | 1118 ||| READING scroll labelled KOENAL ZIATAIS.
  1118 | D:2      | 1118 ||| ENCHANTING +0 shortbow.
  1119 | D:2      | 1119 ||| DRINKING 2 glowing red potions.
  1120 | D:2      | 1120 ||| DROPPING potion of attraction.
  1131 | D:3      | 1131 ||| PLANNING SEWER
  1150 | D:3      | Noticed Ijyb
  1155 | D:3      | HP: 3/18 [Ijyb/+7 club (8)]
  1155 | D:3      | Constricted to death by Ijyb

Levels and vault maps discovered:
D:1:      kennysheep_arrival_seaside, layout_basic, serial_shops,
          nicolae_shop_tiny_real_fake_doors, ebering_ecumenical_altar_petrified
D:2:      layout_basic
D:3:      layout_loops_corners, portal_sewer_entry_f, st_stairs_2, uniq_ijyb

Skill      XL: |  1  2 |
---------------+-------+-----
Dodging        | 3 4 |  4.0
Fighting       | |  1.5
Ranged Weapons | |  4.6
Stealth        | |  1.5

Action                     || total
---------------------------++-------
   Fire: Shortbow          ||   118
    Use: Scroll            ||     7
         Potion            ||     1
 Armour: Robe              ||    10
  Dodge: Dodged            ||    34

Table legend:
 A = Non-vault XP
 B = Vault XP
 C = Vault XP percentage of total XP
 D = Non-vault monster count
 E = Vault monster count
 F = Vault count percentage of total count
                 A         B        C        D         E       F
            +---------+---------+-------+---------+---------+-------
      Total |      59 |       0 |   0.0 |      36 |       0 |   0.0
            +---------+---------+-------+---------+---------+-------
        D:1 |      32 |       0 |   0.0 |      21 |       0 |   0.0
        D:2 |      27 |       0 |   0.0 |      15 |       0 |   0.0
            +---------+---------+-------+---------+---------+-------
